 Dungeon Crawl Stone Soup version 0.28-a0-793-g31680bbd8b (webtiles) character file.

Game seed: 4919205296466452521

1105 SolCadguy the Chiller (level 8, -2/57 HPs)
             Began as a Yellow Draconian Ice Elementalist on Nov 3, 2021.
             Was a Follower of Vehumet.
             Slain by an iguana (3 damage)
             ... on level 6 of the Dungeon.
             The game lasted 00:18:14 (6873 turns).

SolCadguy the Chiller (DrIE)                        Turns: 6873, Time: 00:18:16

Health: -2/57      AC:  8    Str:  8    XL:     8   Next: 11%
Magic:  15/15      EV: 12    Int: 17    God:    Vehumet [*.....]
Gold:   308        SH:  5    Dex: 19    Spells: 3/17 levels left

rFire   . . .      SeeInvis .   b - +1 short sword (venom)
rCold   . . .      Faith    .   B - +0 buckler
rNeg    . . .      Spirit   .   (armour unavailable)
rPois   +          Reflect  .   (helmet restricted)
rElec   .          Harm     .   (no cloak)
rCorr   +          Rampage  .   (no gloves)
Will    .....                   a - +1 pair of boots {Stlth+}
Stlth   +++.......              (no amulet)
HPRegen 0.19/turn               l - +6 ring of dexterity
MPRegen 0.14/turn               q - ring of flight

@: flying
A: spit acid, AC +6, unfitting armour, cold-blooded, acid resistance, hooves 1,
poison resistance, weak 1, MP-powered wands
a: Breathe Acid, Renounce Religion


You were on level 6 of the Dungeon.
You worshipped Vehumet.
Vehumet was aware of your devotion.
You visited 2 branches of the dungeon, and saw 7 of its levels.

You collected 308 gold pieces.

Inventory:

Hand Weapons
 b - a +1 short sword of venom (weapon)
 e - a +0 hunting sling
 v - a +0 halberd
 w - a +1 spear of pain
Missiles
 i - 61 arrows
 j - a throwing net
 k - 103 stones (quivered)
 x - 9 poisoned darts
Armour
 a - a +1 pair of boots of stealth (worn)
 B - a +0 buckler (worn)
Jewellery
 d - a ring of protection from cold
 l - a +6 ring of dexterity (left hand)
 q - a ring of flight (right hand)
Wands
 t - a wand of polymorph (6)
 y - a wand of paralysis (10)
Scrolls
 f - a scroll of magic mapping {unknown}
 m - a scroll of silence
 o - a scroll of vulnerability {unknown}
 p - a scroll of amnesia {unknown}
 s - a scroll of teleportation {unknown}
 u - a scroll of fog {unknown}
 C - a scroll of acquirement
Potions
 c - 2 potions of brilliance
 g - a potion of mutation
 h - a potion of resistance
 n - a potion of cancellation {unknown}
 r - a potion of curing {unknown}
 z - a potion of heal wounds {unknown}
 A - a potion of flight {unknown}


   Skills:
 - Level 1.7 Dodging
 - Level 1.7 Stealth
 + Level 3.0 Shields
 - Level 5.0 Spellcasting
 - Level 5.1 Conjurations
 - Level 6.4 Ice Magic


You had 3 spell levels left.
You knew the following spells:

 Your Spells              Type           Power      Damage    Failure   Level
a - Freeze                Ice            100%       1d11      1%          1
b - Frozen Ramparts       Ice            52%        1d7       3%          3
c - Ozocubu's Armour      Ice            26%        N/A       3%          3
d - Hailstorm             Conj/Ice       24%        3d7       14%         4
e - Mephitic Cloud        Conj/Pois/Air  10%        N/A       24%         3

Your spell library contained the following spells:

 Spells                   Type           Power      Damage    Failure   Level
 Sandblast                Erth           8%         2d5       16%         1
 Magic Dart               Conj           84%        1d7       1%          1
 Ensorcelled Hibernation  Hex/Ice        30%        N/A       6%          2
 Call Imp                 Summ           4%         N/A       24%         2
 Spider Form              Tmut/Pois      4%         N/A       43%         3


Dungeon Overview and Level Annotations

Branches:
Dungeon (6/15)             Temple (1/1) D:4

Altars:
Ashenzari
Cheibriados
Dithmenos
Elyvilon
Fedhas
Gozag
Hepliaklqana
Kikubaaqudgha
Makhleb
Nemelex Xobeh
Okawaru
Qazlal
Ru
Sif Muna
Trog
Uskayaw
Vehumet
Wu Jian
Xom
Yredelemnul
Zin

Annotations:
D:3 3 runed translucent doors, freelancePsychic's ghost, amateur NaVM; ytrimaz's ghost, amateur DsFi


Innate Abilities, Weirdness & Mutations

You can spit globs of acid.
Your golden yellow scales are hard. (AC +6)
You cannot fit into any form of body armour.
You are cold-blooded and may be slowed by cold attacks.
You are resistant to acid. (rCorr)
You have large cloven feet.
Your system is resistant to poisons. (rPois)
You are weak. (Str -2)
You expend magic power (3 MP) to strengthen your wands.


Message History

The steam dragon claws you but does no damage.
You barely miss the steam dragon.
The steam dragon is moderately wounded.
The steam dragon barely misses you. You block the steam dragon's attack.
The iguana bites you.
Casting: Ozocubu's Armour (dangerous; 3% risk of failure)
Confirm with . or Enter, or press ? or * to list all spells.
You don't know that spell.
Unknown command.
Okay, then.
You hit the steam dragon but do no damage.
The steam dragon looks as sick as possible!
The steam dragon is heavily wounded.
The iguana closely misses you. The steam dragon barely misses you.
You block the steam dragon's attack.
You barely miss the steam dragon.
The steam dragon is heavily wounded.
You block the steam dragon's attack.
The steam dragon claws you but does no damage.
The iguana bites you but does no damage.
You barely miss the steam dragon. You tail-slap the steam dragon.
The steam dragon is severely wounded.
The iguana bites you. The steam dragon breathes steam at you.
The ball of steam hits you!
* * * LOW HITPOINT WARNING * * *
The iguana bites you but does no damage.
The steam dragon breathes steam at you. The ball of steam hits you!
* * * LOW HITPOINT WARNING * * *
Okay, then.
Okay, then.
Okay, then.
It was a potion of mutation.
You feel extremely strange.
Your feet thicken and deform.
You feel your magical essence link to the dungeon's wands.
You feel weaker.
You feel resistant to poisons.
The iguana is engulfed in a cloud of scalding steam.
The iguana bites you.
You die...

#### . ##...## #
##..8..## # #
#.......##.# #
#.....8..#.# #
#.##..>.......#
####.#.#.##...(D8l...#
.......#.##....§@...$#
########.###..8§§§####
......##.# ##...#.#
#####.##.# #####.# #
#.##.# #.# #####.##.#
#.#
...).....########.#
#####.............#
###############


You could see a steam dragon (extremely poisoned, catching breath) and an
iguana.

Vanquished Creatures
  An ice beast (D:5)
  3 ogres
  A centaur (D:5)
  Blork the orc (D:4)
  A scorpion (D:4)
  2 water moccasin skeletons (D:4)
  A howler monkey (D:4)
  3 hounds
  4 iguanas
  2 orc wizards (D:5)
  A howler monkey zombie (D:5)
  5 adders
  4 gnolls (D:4)
  A river rat (D:5)
  A worm (D:5)
  3 dart slugs
  13 orcs
  3 ball pythons
  9 endoplasms
  5 giant cockroaches
  2 goblins
  2 hobgoblins
  2 jackals (D:1)
  5 quokkas
  A bat (D:2)
  A frilled lizard (D:1)
  2 kobolds
  6 rats
85 creatures vanquished.

Notes
Turn   | Place    | Note
-------+----------+-------------------------------------------
     0 | D:1      | SolCadguy the Draconian Ice Elementalist began the quest
                  | for the Orb.
     0 | D:1      | Reached XP level 1. HP: 14/14 MP: 3/3
   388 | D:1      | Reached XP level 2. HP: 20/20 MP: 3/5
  1226 | D:2      | Reached skill level 5 in Ice Magic
  1226 | D:2      | Reached XP level 3. HP: 25/26 MP: 2/6
  1230 | D:2      | Learned a level 3 spell: Frozen Ramparts
  2818 | D:3      | Found a bloodstained altar of Trog.
  2819 | D:3      | Found a hide-covered altar of Uskayaw.
  3022 | D:3      | Found a runed translucent gate.
  3023 | D:3      | Found a runed translucent gate.
  3024 | D:3      | Found a runed translucent gate.
  3027 | D:3      | Noticed ytrimaz's ghost (amateur DsFi)
  3028 | D:3      | Noticed freelancePsychic's ghost (amateur NaVM)
  3229 | D:4      | Found a blossoming altar of Fedhas.
  3230 | D:4      | Found an ancient bone altar of Kikubaaqudgha.
  3270 | D:4      | Found a sacrificial altar of Ru.
  3304 | D:4      | Reached XP level 4. HP: 33/33 MP: 4/7
  3308 | D:4      | Learned a level 3 spell: Ozocubu's Armour
  3406 | D:4      | Found a staircase to the Ecumenical Temple.
  3417 | D:4      | Noticed a scorpion
  3423 | D:4      | Killed a scorpion
  3424 | D:4      | Reached skill level 6 in Ice Magic
  3424 | D:4      | Reached XP level 5. HP: 20/38 MP: 1/8
  3427 | Temple   | Entered the Ecumenical Temple
  3818 | Temple   | Became a worshipper of Vehumet
  4021 | D:4      | Noticed Blork the orc
  4022 | D:4      | Noticed an ogre
  4041 | D:4      | Killed Blork the orc
  4293 | D:4      | Reached XP level 6. HP: 41/45 MP: 7/11
  4323 | D:4      | Learned a level 4 spell: Hailstorm
  4845 | D:4      | Reached skill level 5 in Spellcasting
  4899 | D:4      | Learned a level 3 spell: Mephitic Cloud
  4928 | D:4      | Reached skill level 1 in Conjurations
  5110 | D:5      | Entered Level 5 of the Dungeon
  5111 | D:5      | Identified a scroll of acquirement
  5111 | D:5      | Acquired a +1 pair of boots of stealth
  5263 | D:5      | Your scales start taking on a golden yellow colour.
  5263 | D:5      | Reached XP level 7. HP: 45/50 MP: 14/14
  5263 | D:5      | Gained mutation: You are resistant to acid. (rCorr) [Yellow
                  | Draconian growth]
  6094 | D:5      | Reached skill level 5 in Conjurations
  6479 | D:6      | Reached skill level 1 in Shields
  6547 | D:6      | Reached * piety under Vehumet
  6547 | D:6      | Offered knowledge of Sandblast by Vehumet.
  6735 | D:6      | Reached XP level 8. HP: 54/57 MP: 15/15
  6872 | D:6      | HP: 1/57 [steam dragon/ball of steam (8)]
  6873 | D:6      | Gained mutation: You have large cloven feet. [potion of
                  | mutation]
  6873 | D:6      | Gained mutation: You expend magic power (3 MP) to
                  | strengthen your wands. [potion of mutation]
  6873 | D:6      | Gained mutation: You are weak. (Str -2) [potion of
                  | mutation]
  6873 | D:6      | Gained mutation: Your system is resistant to poisons.
                  | (rPois) [potion of mutation]
  6873 | D:6      | Slain by an iguana

Illustrated notes

Levels and vault maps discovered:
D:1:      giann_horns, layout_basic
D:2:      layout_basic
D:3:      layout_loops_cross, nicolae_overflow_hidden_temple,
          gammafunk_ghost_cemetery
D:4:      layout_loops_ring, grunt_temple_overflow_growth_and_decay,
          mainiacjoe_overflow_small_starburst, minmay_temple_entry_hall,
          uniq_blork_the_orc
D:5:      layout_loops_ring, gup_sewer_entry_bubbles
D:6:      layout_loops_ring, grunt_ministairs_9
Temple:   nicolae_temple_x_marks_the_god

Skill      XL: |  1  2  3  4  5  6  7  8 |
---------------+-------------------------+-----
Ice Magic      | 5 6 |  6.4
Spellcasting   | 3 5 |  5.0
Conjurations   | 1 5 |  5.1
Shields        | 2 3 |  3.0
Dodging        | |  1.7
Stealth        | |  1.7

Action                   |  1- 3 |  4- 6 |  7- 9 || total
-------------------------+-------+-------+-------++-------
Melee: Unarmed           |     9 |       |       ||     9
       Short sword       |    63 |    62 |    69 ||   194
       Tailslap          |     6 |     4 |     8 ||    18
Throw: Stone             |     4 |    14 |     4 ||    22
 Cast: Freeze            |    11 |       |     2 ||    13
       Frozen Ramparts   |     3 |     8 |     4 ||    15
       Ozocubu's Armour  |       |     4 |     3 ||     7
 Abil: Breathe Acid      |       |       |     4 ||     4
  Use: Scroll            |     5 |     3 |       ||     8
       Potion            |       |     2 |     1 ||     3
 Stab: Sleeping          |     7 |     1 |    12 ||    20
Armor: Skin              |    17 |    23 |    15 ||    55
Dodge: Dodged            |    40 |    48 |    36 ||   124
Block: Buckler           |       |       |     5 ||     5

Table legend: (Time is in decaauts)
 A = Elapsed time spent in this place.
 B = Non-inter-level travel time spent in this place.
 C = Inter-level travel time spent in this place.
 D = Time resting spent in this place.
 E = Time spent auto-exploring this place.
 F = Levels seen in this place.
 G = Mean time per level.
                   A        B        C        D        E       F      G
               +--------+--------+--------+--------+--------+-----+--------+
         Total |   6891 |   6483 |    408 |   1543 |   3906 |   7 |  984.4 |
       Dungeon |   6367 |   5966 |    401 |   1113 |   3858 |   6 | 1061.2 |
        Temple |    524 |    517 |      7 |    430 |     48 |   1 |  524.0 |
               +--------+--------+--------+--------+--------+-----+--------+

Top non-repeatable levels by time:
     D:5: 1369 daAuts
     D:2: 1318 daAuts
     D:4: 1229 daAuts
     D:1: 1107 daAuts
     D:3: 939 daAuts
  Temple: 524 daAuts
     D:6: 401 daAuts
